 Dungeon Crawl Stone Soup version 0.28-a0-1616-g050a50673c (webtiles) character file.

Game seed: 176960481177461548

6207 blank1 the Basher (level 10, 0/97 HPs)
             Began as a Minotaur Fighter on Jan 22, 2022.
             Was a Priest of Okawaru.
             Slain by a goblin (5 damage)
             ... on level 9 of the Dungeon.
             The game lasted 00:13:53 (8000 turns).

blank1 the Basher (Minotaur Fighter)                Turns: 8000, Time: 00:13:54

Health: 0/97       AC: 22    Str: 22    XL:     10   Next: 61%
Magic:  12/12      EV:  8    Int:  5    God:    Okawaru [***...]
Gold:   250        SH:  0    Dex: 13    Spells: 9/9 levels left

rFire   . . .      SeeInvis .   b - +1 flail (protect)
rCold   . . .      Faith    .   c - +0 buckler
rNeg    . . .      Spirit   .   m - +0 plate armour
rPois   .          Reflect  .   (helmet restricted)
rElec   .          Harm     .   w - +0 cloak {Will+}
rCorr   .          Rampage  .   (no gloves)
Will    +....                   e - +0 pair of boots
Stlth   ..........              (no amulet)
HPRegen 0.26/turn               A - ring of flight
MPRegen 0.13/turn               (no ring)

@: confused, ambrosia-drunk, under a protective aura, flying
A: horns 2, retaliatory headbutt
a: Renounce Religion, Heroism


You were on level 9 of the Dungeon.
You worshipped Okawaru.
Okawaru was most pleased with you.
You visited 2 branches of the dungeon, and saw 10 of its levels.

You collected 376 gold pieces.
You spent 126 gold pieces at shops.

Inventory:

Hand Weapons
 b - a +1 flail of protection (weapon)
 i - the +3 mace of Avvusuuraub {vorpal, Contam rElec Int+5}
   (You found it on level 5 of the Dungeon)

   It inflicts extra damage upon your enemies.
   Int:       It affects your intelligence (+5).
   rElec:     It insulates you from electricity.
   Contam:    It causes magical contamination when unequipped.
 u - a +1 whip of freezing
Missiles
 a - a throwing net (quivered)
Armour
 c - a +0 buckler (worn)
 e - a +0 pair of boots (worn)
 m - a +0 plate armour (worn)
 w - a +0 cloak of willpower (worn)
Jewellery
 A - a ring of flight (left hand)
 C - a ring of ice
Wands
 q - a wand of flame (42)
 s - a wand of iceblast (8)
 x - a wand of polymorph (23)
 y - a wand of acid (1)
Scrolls
 f - a scroll of blinking
 g - a scroll of immolation
 h - a scroll of identify
 B - a scroll of magic mapping
Potions
 d - 3 potions of might
 j - 2 potions of magic
 k - 2 potions of mutation {unknown}
 l - 4 potions of curing
 n - a potion of flight {unknown}
 o - a potion of cancellation
 p - 2 potions of degeneration
 r - 3 potions of attraction
 t - a potion of ambrosia
 v - a potion of lignification


   Skills:
 - Level 12.0 Fighting
 - Level 12.0 Maces & Flails
 + Level 7.2 Armour
 + Level 5.3 Dodging
 - Level 4.0 Shields
 - Level 4.0 Invocations


You had 9 spell levels left.
You didn't know any spells.
Your spell library contained the following spells:

 Spells                   Type           Power      Damage    Failure   Level
 Slow                     Hex            0%         N/A       100%        1
 Static Discharge         Conj/Air       0%         N/A       100%        2
 Confusing Touch          Hex            0%         N/A       100%        3
 Vampiric Draining        Necr           0%         2d6       100%        3
 Dispel Undead            Necr           0%         3d6       100%        4
 Sticky Flame             Conj/Fire      0%         2d3       100%        4
 Borgnjor's Revivificati  Necr           0%         N/A       100%        8
 Necromutation            Tmut/Necr      0%         N/A       100%        8
 Death's Door             Necr           0%         N/A       100%        9
 Summon Small Mammal      Summ           Unusable   N/A       N/A         1
 Call Canine Familiar     Summ           Unusable   N/A       N/A         3
 Summon Guardian Golem    Hex/Summ       Unusable   N/A       N/A         3

Dungeon Overview and Level Annotations

Branches:
Dungeon (9/15)             Temple (1/1) D:5
   Lair: D:8-11         Orc: D:9-12

Altars:
Ashenzari
Cheibriados
Dithmenos
Elyvilon
Gozag
Hepliaklqana
Kikubaaqudgha
Makhleb
Okawaru
Qazlal
Trog
Uskayaw
Vehumet
Wu Jian
Xom
Zin
The Shining One

Shops:
D:5 [   D:8 (

Annotations:
D:8 3 runed translucent doors, a3don's ghost, novice FoFi


Innate Abilities, Weirdness & Mutations

You have a pair of horns on your head.
You reflexively headbutt those who attack you in melee.


Message History

The goblin closely misses you.
The two-headed ogre hits you with a +0 giant spiked club.
* * * LOW HITPOINT WARNING * * *
The two-headed ogre hits you but does no damage.
You completely miss the two-headed ogre.
The two-headed ogre is severely wounded.
The goblin hits you with a +0 hand axe.
* * * LOW HITPOINT WARNING * * *
You sock the two-headed ogre!
Your headbutt misses the two-headed ogre.
The two-headed ogre is almost dead.
The goblin hits you but does no damage.
The two-headed ogre hits you with a +0 giant spiked club.
* * * LOW HITPOINT WARNING * * *
The two-headed ogre hits you with a +0 giant club.
* * * LOW HITPOINT WARNING * * *
You block the goblin's attack.
You sock the two-headed ogre!
You kill the two-headed ogre!
Okawaru is honoured by your kill. You block the goblin's attack.
The steam dragon breathes steam at you.
The ball of steam hits the goblin!!
The goblin dies!
The ball of steam hits you.
* * * LOW HITPOINT WARNING * * *
The goblin hits you but does no damage.
Training target 12.0 for Maces & Flails reached!
Training target 12.0 for Fighting reached!
Your Fighting skill increases to level 12!
Your Maces & Flails skill increases to level 12!
You need to enable at least one skill for training.
You are confused.
You feel invigorated.
You are engulfed in a cloud of scalding steam.
* * * LOW HITPOINT WARNING * * *
The goblin is engulfed in a cloud of scalding steam.
The goblin dies!
The goblin hits you with a +0 hand axe.
You die...

.. .. ..............≈
...............≈
.....<..........≈
.............D...
...........§....
####++####........§.....
#........#.....gg)§.....
#........#......@§§####
#.....8..#.....§........
+...(....'....§.........
+........'..............
#..8.....#..............
#........#......#########
#........#......#....)>.#
####''####......#.......#
#...#..########.......#


You could see 2 goblins.

Vanquished Creatures
  Erolcha (D:9)
  2 two-headed ogres
  Pikel (D:5)
  A cyclops (D:8)
  A troll (D:9)
  Grinder (D:5)
  A steam dragon (D:8)
  Duvessa (D:5)
  2 water moccasins (D:6)
  An orc warrior (D:6)
  2 ice beasts
  3 sky beasts
  2 necrophages (D:4)
  2 lemures (D:5)
  2 ogres
  A centaur (D:7)
  2 phantoms
  A gnoll sergeant (D:8)
  2 bullfrogs
  A scorpion (D:5)
  2 water moccasin zombies (D:5)
  Dowan (D:5)
  A water moccasin skeleton (D:4)
  4 howler monkeys
  2 centaur zombies (D:8)
  A hound (D:5)
  A jelly (D:6)
  3 bullfrog zombies
  Crazy Yiuf (D:5)
  4 orc priests
  A centaur skeleton (D:5)
  2 gnoll shamans
  Terence (D:2)
  2 iguanas
  7 orc wizards (D:7)
  A killer bee zombie (D:9)
  A hound zombie (D:5)
  A howler monkey zombie (D:9)
  A howler monkey skeleton (D:6)
  16 gnolls
  5 adders
  2 white imps (D:6)
  An adder zombie (D:5)
  5 worms
  14 orcs
  A bat (D:1)
  6 endoplasms
  A giant cockroach (D:2)
  9 goblins
  5 hobgoblins
  5 jackals
  11 kobolds
  A quokka (D:2)
  3 ball pythons
  2 frilled lizards
154 creatures vanquished.

Vanquished Creatures (others)
  2 goblins (D:9)
2 creatures vanquished.

Grand Total: 156 creatures vanquished

Notes
Turn   | Place    | Note
-------+----------+-------------------------------------------
     0 | D:1      | blank1 the Minotaur Fighter began the quest for the Orb.
     0 | D:1      | Reached XP level 1. HP: 19/19 MP: 0/0
   196 | D:1      | Reached XP level 2. HP: 20/27 MP: 1/1
   488 | D:1      | Reached skill level 1 in Dodging
   991 | D:2      | Reached XP level 3. HP: 33/33 MP: 2/2
  1306 | D:2      | Reached XP level 4. HP: 26/41 MP: 3/3
  1484 | D:2      | Noticed Terence
  1493 | D:2      | Killed Terence
  1748 | D:2      | Found a faded altar of an unknown god.
  2075 | D:3      | Noticed a phantom
  2093 | D:3      | Killed a phantom
  2094 | D:3      | Reached skill level 5 in Fighting
  2094 | D:3      | Reached XP level 5. HP: 35/48 MP: 4/4
  2242 | D:3      | Reached skill level 5 in Maces & Flails
  2720 | D:4      | Reached XP level 6. HP: 51/56 MP: 5/5
  3344 | D:4      | Reached XP level 7. HP: 46/64 MP: 6/6
  3500 | D:5      | Entered Level 5 of the Dungeon
  3526 | D:5      | Found an opulent altar of Gozag.
  3537 | D:5      | Noticed Grinder
  3538 | D:5      | Paralysed by Grinder for 3 turns
  3549 | D:5      | Killed Grinder
  3707 | D:5      | Reached XP level 8. HP: 55/74 MP: 7/7
  3938 | D:5      | Noticed Dowan
  3938 | D:5      | Noticed Duvessa
  3950 | D:5      | Killed Duvessa
  3969 | D:5      | Killed Dowan
  4308 | D:5      | Noticed Pikel
  4354 | D:5      | Killed Pikel
  4452 | D:5      | Reached skill level 10 in Fighting
  4452 | D:5      | Reached skill level 10 in Maces & Flails
  4591 | D:5      | Found a staircase to the Ecumenical Temple.
  4626 | Temple   | Entered the Ecumenical Temple
  4740 | Temple   | Became a worshipper of Warmaster Okawaru
  4818 | D:5      | Found a runed translucent door.
  4819 | D:5      | Noticed Crazy Yiuf
  4925 | D:5      | Found Xacelubb's Armour Shoppe.
  4928 | D:5      | Bought a +0 cloak of willpower for 126 gold pieces
  5066 | D:5      | Killed Crazy Yiuf
  5069 | D:5      | Identified the +3 mace of Avvusuuraub {vorpal, Contam rElec
                  | Int+5}
  5126 | D:6      | Reached XP level 9. HP: 85/85 MP: 8/8
  5166 | D:6      | Reached skill level 1 in Invocations
  5349 | D:6      | Reached skill level 5 in Armour
  5783 | D:6      | Reached * piety under Okawaru
  6070 | D:7      | Reached skill level 5 in Dodging
  6098 | D:7      | Noticed a two-headed ogre
  6650 | D:7      | Killed a two-headed ogre
  6650 | D:7      | Reached ** piety under Okawaru
  6777 | D:8      | Reached XP level 10. HP: 94/94 MP: 12/12
  6783 | D:8      | Found Baefung's Weapon Shop.
  7253 | D:8      | Noticed a cyclops
  7266 | D:8      | Killed a cyclops
  7431 | D:8      | Found a runed translucent gate.
  7431 | D:8      | Found a runed translucent gate.
  7431 | D:8      | Found a runed translucent gate.
  7441 | D:8      | Found an opulent altar of Gozag.
  7442 | D:8      | Noticed a3don's ghost (novice FoFi)
  7644 | D:9      | Noticed Erolcha
  7648 | D:9      | Killed Erolcha
  7911 | D:9      | Reached *** piety under Okawaru
  7984 | D:9      | Noticed a two-headed ogre
  7999 | D:9      | Killed a two-headed ogre
  8000 | D:9      | HP: 2/97 [something] (4)]
  8000 | D:9      | Slain by a goblin

Illustrated notes

Levels and vault maps discovered:
D:1:      dpeg_arrival_connections, layout_basic
D:2:      layout_loops_cross, chequers_ecumenical_altar_simple_redux,
          nicolae_wormholes, uniq_terence
D:3:      layout_rooms
D:4:      layout_gridville
D:5:      layout_gridville, lemuel_crystal_altar, temple_pool_b, serial_shops,
          kennysheep_mini_moat, serial_undead, serial_undead_b, serial_undead_c,
          serial_undead_f, serial_undead_b, uniq_pikel, uniq_duvessa,
          uniq_grinder, uniq_crazy_yiuf_cottage
D:6:      layout_rooms
D:7:      layout_cave_pools, serial_column_ruins, column_ruins_grid_1,
          column_ruins_corridor_straight, column_ruins_open_tiny,
          column_ruins_grid_4, column_ruins_grid_1, column_ruins_grid_4,
          column_ruins_open_tiny
D:8:      layout_loops_ring, serial_shops, kennysheep_little_box,
          ebering_ghost_gozag
D:9:      layout_grid_maze, special_room [special_room_bee], enter_bailey_3,
          kennysheep_generic_room_7, uniq_erolcha
Temple:   mainiacjoe_temple_circle_huts

Skill      XL: |  1  2  3  4  5  6  7  8  9 10 |
---------------+-------------------------------+-----
Dodging        | 1 2 5 |  5.3
Fighting       | 4 5 6 8 10 12 | 12.0
Armour         | 4 7 |  7.2
Shields        | 4 |  4.0
Maces & Flails | 3 4 5 6 8 10 12 | 12.0
Invocations    | 4 |  4.0

Action                   |  1- 3 |  4- 6 |  7- 9 | 10-12 || total
-------------------------+-------+-------+-------+-------++-------
Melee: Flail             |    67 |   110 |   246 |    77 ||   500
       Headbutt          |     6 |    14 |    45 |    16 ||    81
  Use: Scroll            |       |       |     8 |     5 ||    13
       Potion            |       |       |       |     1 ||     1
Armor: Scale mail        |    32 |       |       |       ||    32
       Plate armour      |       |    58 |   140 |    47 ||   245
Dodge: Dodged            |    37 |    21 |    51 |    20 ||   129
Block: Buckler           |    17 |    14 |    46 |    17 ||    94

Table legend: (Time is in decaauts)
 A = Elapsed time spent in this place.
 B = Non-inter-level travel time spent in this place.
 C = Inter-level travel time spent in this place.
 D = Time resting spent in this place.
 E = Time spent auto-exploring this place.
 F = Levels seen in this place.
 G = Mean time per level.
                   A        B        C        D        E       F      G
               +--------+--------+--------+--------+--------+-----+--------+
         Total |   8037 |   7756 |    281 |    580 |   5606 |  10 |  803.7 |
       Dungeon |   7910 |   7640 |    270 |    580 |   5519 |   9 |  878.9 |
        Temple |    126 |    115 |     11 |      0 |     87 |   1 |  126.0 |
               +--------+--------+--------+--------+--------+-----+--------+

Top non-repeatable levels by time:
     D:5: 1504 daAuts
     D:2: 1104 daAuts
     D:8: 980 daAuts
     D:1: 903 daAuts
     D:4: 863 daAuts
     D:7: 859 daAuts
     D:6: 672 daAuts
     D:3: 669 daAuts
     D:9: 352 daAuts
  Temple: 126 daAuts
